 Dungeon Crawl Stone Soup version 0.28.0-45-g0d030f2227 (webtiles) character file.

Game seed: 12957688652449638329

84 Kaptain the Digger (level 4, -1/25 HPs)
             Began as a Gargoyle Earth Elementalist on Mar 31, 2022.
             Slain by Sigmund
             ... wielding a +1 vampiric scythe
              (13 damage)
             ... on level 3 of the Dungeon.
             The game lasted 00:04:42 (2244 turns).

Kaptain the Digger (Gargoyle Earth Elementalist)    Turns: 2244, Time: 00:04:43

Health: -1/25      AC:  5    Str: 11    XL:     4   Next: 46%
Magic:  1/7        EV: 12    Int: 18    God:
Gold:   80         SH:  0    Dex: 10    Spells: 4/8 levels left

rFire   . . .      SeeInvis .   g - +0 hunting sling
rCold   . . .      Faith    .   (no shield)
rNeg    + . .      Spirit   .   b - +0 robe
rPois   ∞          Reflect  .   (no helmet)
rElec   +          Harm     .   (no cloak)
rCorr   .          Rampage  .   (no gloves)
Will    .....                   (no boots)
Stlth   ++........              (no amulet)
HPRegen 0.08/turn               (no ring)
MPRegen 0.10/turn               (no ring)

@: no status effects
A: sickness immunity, AC +3, negative energy resistance 1, electricity
resistance, torment resistance 1, petrification resistance
a: no special abilities


You were on level 3 of the Dungeon.
You visited 1 branch of the dungeon, and saw 3 of its levels.

You collected 80 gold pieces.

Inventory:

Hand Weapons
 f - a +0 short sword
 g - a +0 hunting sling (weapon)
Missiles
 h - 5 sling bullets (quivered ammo)
Armour
 b - a +0 robe (worn)
Jewellery
 j - an amulet of faith
Scrolls
 a - a scroll of amnesia {unknown}
 c - a scroll of blinking {unknown}
Potions
 d - a potion of mutation {unknown}
 e - 2 potions of brilliance {unknown}
 i - a potion of lignification {unknown}


   Skills:
 * Level 1.5 Fighting
 + Level 0.8 Armour
 + Level 1.9 Dodging
 * Level 2.9 Stealth
 * Level 2.5 Spellcasting
 * Level 1.2 Conjurations
 - Level 0.7 Transmutations
 * Level 4.2 Earth Magic


You had 4 spell levels left.
You knew the following spells:

 Your Spells              Type           Power      Damage    Failure   Level
a - Sandblast             Erth           34%        2d9       3%          1
b - Stone Arrow           Conj/Erth      24%        3d8       17%         3

Your spell library contained the following spells:

 Spells                   Type           Power      Damage    Failure   Level
 Passwall                 Tmut/Erth      9%         N/A       10%         2
 Petrify                  Tmut/Erth      11%        N/A       52%         4


Dungeon Overview and Level Annotations

Branches:
Dungeon (3/15)

Altars:
Gozag
Uskayaw

Shops:
D:3 ?

Annotations:
D:3 Sigmund


Innate Abilities, Weirdness & Mutations

You are immune to sickness and miasma.
Your stone body is resilient. (AC +3)
You are immune to poison.
You resist negative energy. (rN+)
You are resistant to electric shocks. (rElec)
You are resistant to unholy torment.
You are immune to petrification.


Message History

The stone arrow hits Sigmund!
Sigmund is severely wounded.
Unknown command.
Fire: 11 sling bullets
Press: ? - help, Q - select action, (/) - cycle Shift-Dir - straight line, f/p - Sigmund
Aim: Sigmund, wielding a +1 vampiric scythe and wearing a +0 robe (severely wounded, 50% to hit)
You shoot a sling bullet. The sling bullet barely misses Sigmund.
Sigmund misses you.
Fire: 10 sling bullets
Press: ? - help, Q - select action, (/) - cycle Shift-Dir - straight line, f/p - Sigmund
Aim: Sigmund, wielding a +1 vampiric scythe and wearing a +0 robe (severely wounded, 50% to hit)
You shoot a sling bullet. The sling bullet barely misses Sigmund.
Sigmund says, "You will soon forget everything."
Sigmund hits you with a +1 vampiric scythe!
Unknown command.
Fire: 9 sling bullets
Press: ? - help, Q - select action, (/) - cycle Shift-Dir - straight line, f/p - Sigmund
Aim: Sigmund, wielding a +1 vampiric scythe and wearing a +0 robe (severely wounded, 50% to hit)
You shoot a sling bullet. The sling bullet hits Sigmund!
Sigmund is almost dead.
Sigmund closely misses you.
Fire: 8 sling bullets
Press: ? - help, Q - select action, (/) - cycle Shift-Dir - straight line, f/p - Sigmund
Aim: Sigmund, wielding a +1 vampiric scythe and wearing a +0 robe (almost dead, 50% to hit)
You shoot a sling bullet. The sling bullet barely misses Sigmund.
Unknown command.
Fire: 7 sling bullets
Press: ? - help, Q - select action, (/) - cycle Shift-Dir - straight line, f/p - Sigmund
Aim: Sigmund, wielding a +1 vampiric scythe and wearing a +0 robe (almost dead, 50% to hit)
You shoot a sling bullet.
The sling bullet closely misses Sigmund.
Sigmund hits you with a +1 vampiric scythe!
Fire: 6 sling bullets
Press: ? - help, Q - select action, (/) - cycle Shift-Dir - straight line, f/p - Sigmund
Aim: Sigmund, wielding a +1 vampiric scythe and wearing a +0 robe (almost dead, 50% to hit)
You shoot a sling bullet.
The sling bullet closely misses Sigmund.
Sigmund hits you with a +1 vampiric scythe!
Ouch! That really hurt!
You die...

.. ##.# ....
#.. #.# # ##.#
#.#..# #(@@.#
#..#.# #.##.#
#. #<# # #.#
#.. ##.. ...
#......#......


You could see Sigmund.

Vanquished Creatures
  2 adders (D:2)
  2 worms (D:2)
  2 dart slugs (D:1)
  8 ball pythons
  3 bats
  8 endoplasms
  2 giant cockroaches (D:2)
  6 goblins
  9 hobgoblins
  2 kobolds (D:1)
  A quokka (D:2)
  A frilled lizard (D:1)
  6 rats
52 creatures vanquished.

Notes
Turn   | Place    | Note
-------+----------+-------------------------------------------
     0 | D:1      | Kaptain the Gargoyle Earth Elementalist began the quest for
                  | the Orb.
     0 | D:1      | Reached XP level 1. HP: 10/10 MP: 3/3
    14 | D:1      | Found a faded altar of an unknown god.
   186 | D:1      | Reached XP level 2. HP: 16/16 MP: 0/5
   463 | D:1      | Reached skill level 1 in Fighting
   597 | D:1      | Reached XP level 3. HP: 5/20 MP: 0/6
   969 | D:1      | Reached skill level 1 in Conjurations
  1169 | D:1      | Found a hide-covered altar of Uskayaw.
  1431 | D:2      | Reached skill level 4 in Earth Magic
  1489 | D:2      | Reached XP level 4. HP: 16/25 MP: 7/7
  1498 | D:2      | Learned a level 3 spell: Stone Arrow
  1804 | D:2      | Found an opulent altar of Gozag.
  2171 | D:3      | Noticed a necrophage
  2191 | D:3      | Noticed Sigmund
  2191 | D:3      | Found Wuduorup's Magic Scroll Shoppe.
  2244 | D:3      | Slain by Sigmund

Illustrated notes

Levels and vault maps discovered:
D:1:      dpeg_arrival_water_altar, layout_rooms,
          hellmonk_ecumenical_altar_run_dry, corexii_item_surrounded_by_moat,
          minmay_heptomino_o4
D:2:      layout_rooms, basic_altar
D:3:      layout_rooms, portal_sewer_entry_b, serial_shops, shop, uniq_sigmund

Skill      XL: |  1  2  3 |
---------------+----------+-----
Fighting       | 1 |  1.5
Conjurations   | 1 |  1.2
Earth Magic    | 4 |  4.2
Armour         | |  0.8
Dodging        | |  1.9
Stealth        | |  2.9
Spellcasting   | |  2.5
Transmutations | |  0.7

Action                   |  1- 3 |  4- 6 || total
-------------------------+-------+-------++-------
Melee: Short sword       |    12 |     2 ||    14
 Fire: Hunting sling     |     8 |    44 ||    52
 Cast: Sandblast         |    57 |     3 ||    60
       Stone Arrow       |       |     4 ||     4
Armor: Robe              |     6 |     7 ||    13
Dodge: Dodged            |    18 |    16 ||    34
